AoeStats
← TheYolis

Arena

510449024Analyzed
4v4 RM · 1d ago on Oct 1, 2026· 60m 10s· 8 players
Game mode
Random Map
Map size
Large (8 player)
Population
200
Speed
Normal
Resources
Standard
Victory
Conquest
Starting age
Dark Age
Ending age
Imperial Age
RankedLock teamsTeams togetherTeam positionsShared explorationLock speedFull tech treeHidden civsTurbo modeCheats
Victory
Defeat
🇺🇸 Romans · United States
1232
+11
🇨🇳 Spanish · China
1179
+13
🇨🇦 Italians · Canada
1067
+18
🇨🇦 Persians · Canada
1023
+19
🇷🇺 Britons · Russia
1187
-18
🇺🇸 Franks · United States
1144
-17
🇺🇸 Celts · United States
1078
-14
🇦🇷 Turks · Argentina
1032
-12
trashypanda
9:35 Feudal Age
8:06 Loom
13:28 Castle Age
13:01 Double-Bit Axe
17:28 Horse Collar
20:02 Scale Mail Armor
20:09 Scale Barding Armor
20:14 Forging
22:00 Wheelbarrow
25:37 Chain Barding Armor
26:52 Bow Saw
28:24 Forging
28:42 Heavy Plow
30:12 Hand Cart
34:45 Imperial Age
33:14 Iron Casting
32:52 Bloodlines
32:43 Husbandry
34:24 Cavalier
36:15 Plate Barding Armor
36:40 Blast Furnace
36:55 Blast Furnace
35:47 Savar
40:45 Masonry
40:31 Murder Holes
41:31 Crop Rotation
42:41 Gold Mining
53:56 Caravan
57:06 Fletching
59:40 Two-Man Saw
jalouis79
11:17 Feudal Age
15:24 Castle Age
13:17 Double-Bit Axe
13:32 Horse Collar
14:46 Gold Mining
17:48 Wheelbarrow
18:18 Bow Saw
23:30 Imperial Age
20:59 Loom
21:38 Heavy Plow
25:11 Chemistry
25:01 Ballistics
25:55 Elite Skirmisher
26:47 Fletching
29:35 Padded Archer Armor
31:15 Stone Mining
33:07 Squires
35:23 Crop Rotation
34:50 Bodkin Arrow
35:49 Arson
37:43 Scale Mail Armor
37:54 Forging
39:11 Hand Cart
39:22 Masonry
40:30 Conscription
41:11 Leather Archer Armor
40:57 Bracer
43:20 Elite Genoese Crossbowman
45:52 Ring Archer Armor
47:10 Iron Casting
47:07 Treadmill Crane
47:46 Chain Mail Armor
52:31 Architecture
52:34 Plate Mail Armor
55:05 Blast Furnace
55:28 Thumb Ring
56:12 Scale Barding Armor
Trailmaker
10:48 Feudal Age
14:53 Castle Age
12:52 Double-Bit Axe
13:09 Horse Collar
15:48 Loom
18:56 Bow Saw
21:58 Pikeman
23:37 Wheelbarrow
23:37 Squires
25:37 Scale Mail Armor
25:48 Forging
26:09 Heavy Plow
26:54 Ballistics
26:57 Town Watch
30:09 Chain Mail Armor
30:30 Iron Casting
35:32 Imperial Age
34:27 Fletching
35:56 Gold Mining
35:57 Stone Mining
35:39 Halberdier
37:43 Blast Furnace
37:07 Conscription
36:59 Man-at-Arms
37:47 Siege Engineers
37:53 Masonry
38:44 Chemistry
37:08 Capped Ram
37:48 Bodkin Arrow
38:40 Hand Cart
39:09 Gold Shaft Mining
38:16 Long Swordsman
39:45 Siege Ram
41:28 Scale Barding Armor
40:51 Heavy Scorpion
42:22 Comitatenses
43:12 Chain Barding Armor
43:15 Ballistas
42:48 Legionary
44:44 Elite Centurion
47:42 Crop Rotation
47:50 Plate Barding Armor
53:36 Caravan
54:07 Coinage
val
9:49 Feudal Age
17:08 Castle Age
15:21 Double-Bit Axe
15:44 Stone Mining
16:07 Horse Collar
18:41 Loom
19:08 Padded Archer Armor
24:48 Fletching
26:57 Bloodlines
29:08 Pikeman
32:12 Leather Archer Armor
42:51 Gold Mining
46:32 Imperial Age
46:05 Bodkin Arrow
47:22 Masonry
48:50 Architecture
50:29 Bracer
52:12 Ring Archer Armor
51:05 Elite Skirmisher
54:16 Thumb Ring
57:29 Husbandry
TheYolis
0:52 Loom
11:20 Feudal Age
16:21 Castle Age
14:50 Double-Bit Axe
22:09 Scale Barding Armor
23:04 Scale Mail Armor
26:01 Wheelbarrow
25:27 Pikeman
26:32 Stone Mining
26:33 Gold Mining
26:57 Bow Saw
27:13 Forging
28:26 Gold Shaft Mining
29:13 Fervor
30:09 Fortified Wall
30:44 Chain Barding Armor
31:00 Iron Casting
31:41 Masonry
38:36 Ballistics
45:03 Imperial Age
42:48 Hand Cart
42:19 Town Watch
45:06 Cavalier
45:47 Husbandry
46:11 Conscription
49:06 Paladin
50:40 Plate Barding Armor
54:53 Blast Furnace
55:42 Chemistry
[ATARB] ExDic Nicolas Maduro
8:47 Feudal Age
12:17 Loom
15:17 Castle Age
13:58 Double-Bit Axe
14:01 Horse Collar
26:58 Heavy Plow
30:07 Wheelbarrow
32:03 Hand Cart
37:15 Imperial Age
37:23 Gold Mining
37:24 Stone Mining
37:36 Scale Mail Armor
37:46 Forging
39:57 Conscription
39:03 Capped Ram
40:59 Elite Woad Raider
42:40 Chain Mail Armor
43:07 Pikeman
43:33 Arson
44:11 Halberdier
50:57 Onager
impossible
10:00 Feudal Age
8:50 Loom
14:25 Castle Age
13:05 Stone Mining
13:42 Double-Bit Axe
18:11 Fletching
25:14 Ballistics
26:17 Bow Saw
26:16 Gold Mining
26:08 Horse Collar
26:25 Bodkin Arrow
32:38 Imperial Age
32:10 Wheelbarrow
31:53 Padded Archer Armor
31:34 Treadmill Crane
32:50 Yeomen
33:36 Gold Shaft Mining
33:04 Heavy Plow
34:07 Bracer
36:07 Chemistry
37:35 Hand Cart
38:56 Conscription
40:00 Town Watch
41:28 Elite Longbowman
44:16 Leather Archer Armor
44:13 Masonry
44:09 Siege Engineers
48:00 Ring Archer Armor
47:37 Siege Engineers
48:03 Architecture
53:44 Hoardings
jimmi
11:00 Feudal Age
9:18 Loom
15:43 Castle Age
14:13 Horse Collar
14:22 Double-Bit Axe
17:06 Wheelbarrow
17:21 Coinage
27:31 Imperial Age
27:54 Scale Barding Armor
31:06 Forging
31:17 Chain Barding Armor
32:06 Bloodlines
31:57 Husbandry
32:06 Gold Mining
32:06 Stone Mining
35:10 Padded Archer Armor
36:20 Iron Casting
36:55 Gold Shaft Mining
37:32 Fletching
38:47 Heavy Camel Rider
41:36 Plate Barding Armor
42:02 Blast Furnace
42:18 Leather Archer Armor
41:58 Bodkin Arrow
45:15 Scale Mail Armor
45:45 Ring Archer Armor
Connection lost

Rejoining the realm…

Still unreachable

The connection could not be restored.

Session expired

The server has moved on; the page needs a fresh start.